[Event "December 12 Early 2023"]
[Site "https://www.chess.com"]
[Date "2023.12.12"]
[Round "6"]
[White "Garrido, Denis"]
[Black "Gong, Qianyun"]
[Result "1-0"]
[Board "117"]
[TimeControl "180+1"]
[WhiteFideId "601217"]
[BlackFideId "8602425"]
[WhiteElo "2419"]
[BlackElo "2560"]
[WhiteTeam "FRA"]
[BlackTeam "SGP"]
[WhiteClock "0:00:18"]
[BlackClock "0:00:16"]

1. d4 d5 2. c4 c6 3. Nc3 Nf6 4. Bg5 Ne4 5. Nxe4 dxe4 6. Qd2 Bf5 7. e3 Nd7 8. Ne2 h6 9. Bh4 g5 10. Bg3 e6 11. h4 g4 12. O-O-O Qb6 13. c5 Qd8 14. Kb1 b6 15. Qc3 Bg7 16. cxb6 Qxb6 17. Bd6 Nf6 18. Rc1 Rc8 19. Qa3 Nd5 20. Nc3 Kd7 21. Na4 Ra8 22. Nxb6+ axb6 23. Ba6 b5 24. Rxc6 Kxc6 25. Rc1+ Kd7 26. Bxb5+ 1-0

[Event "December 12 Early 2023"]
[Site "https://www.chess.com"]
[Date "2023.12.12"]
[Round "6"]
[White "Leve, Nitai"]
[Black "Hajiyev, Kanan"]
[Result "0-1"]
[Board "118"]
[TimeControl "180+1"]
[WhiteFideId "2006898"]
[BlackFideId "13404148"]
[WhiteElo "2419"]
[BlackElo "2557"]
[WhiteTeam "USA"]
[BlackTeam "AZE"]
[WhiteClock "0:00:02"]
[BlackClock "0:00:09"]

1. d4 c6 2. c4 d5 3. Nc3 Nf6 4. cxd5 cxd5 5. Bf4 a6 6. e3 Nc6 7. Qc2 Bg4 8. Bd3 e6 9. a3 Bd6 10. Bg3 O-O 11. f3 Bh5 12. Nge2 Bg6 13. O-O Rc8 14. Rac1 Bxd3 15. Qxd3 b5 16. Bh4 Be7 17. e4 b4 18. axb4 Nxb4 19. Qb1 dxe4 20. fxe4 Ng4 21. Bxe7 Qxe7 22. h3 Ne3 23. Rf3 Qg5 24. Nf4 Nc4 25. Rd1 e5 26. Nfd5 Nxd5 27. Nxd5 exd4 28. Qd3 Nxb2 29. Rg3 Qe5 30. Qxd4 Qxg3 31. Qxb2 Kh8 32. Rf1 a5 33. Rf3 Qe1+ 34. Kh2 a4 35. Rg3 f6 36. Ne7 Rc1 37. Rg4 Qg1+ 38. Kg3 Re1 39. Qa2 Re3+ 40. Kf4 g5+ 41. Kf5 Qf1+ 42. Ke6 Qa6+ 43. Kf5 Qb5+ 44. Nd5 Qd7# 0-1

[Event "December 12 Early 2023"]
[Site "https://www.chess.com"]
[Date "2023.12.12"]
[Round "6"]
[White "Porozhnyak, Maya"]
[Black "Martinez Fernandez, Adrian"]
[Result "1-0"]
[Board "119"]
[TimeControl "180+1"]
[WhiteFideId "34115843"]
[BlackFideId "32049048"]
[WhiteElo "2418"]
[BlackElo "2546"]
[WhiteTeam "RUS"]
[BlackTeam "ESP"]
[WhiteClock "0:00:31"]
[BlackClock "0:00:13"]

1. e4 b6 2. Nc3 Bb7 3. Nf3 e6 4. Be2 d6 5. O-O Be7 6. Re1 Nd7 7. a4 a6 8. d4 h5 9. d5 e5 10. h3 g5 11. Nh2 Ndf6 12. Bxg5 Bc8 13. Kh1 Bd7 14. Rf1 Qc8 15. Qd3 Rh7 16. Nd1 Rg7 17. h4 Nh7 18. Bxe7 Nxe7 19. Bxh5 Nf6 20. Bf3 Ng6 21. g3 Bh3 22. Rg1 Ke7 23. Ne3 Qd7 24. Bg2 Bxg2+ 25. Rxg2 Qh3 26. Nf5+ Kf8 27. Nxg7 Kxg7 28. Qf3 Ne7 29. Rag1 Rh8 30. Qe2 Ng6 31. f3 Kf8 32. Rd1 Rg8 33. Rd3 Nh5 34. Qf2 Ke7 35. Kg1 Rf8 36. Ng4 f5 37. exf5 Rxf5 38. Rc3 e4 39. Rxc7+ Kf8 40. Qxb6 Ne7 41. Qxd6 Rf7 42. Qd8+ Kg7 43. Rxe7 1-0

[Event "December 12 Early 2023"]
[Site "https://www.chess.com"]
[Date "2023.12.12"]
[Round "6"]
[White "Osinovsky, Stepan"]
[Black "Osmak, Yuliia"]
[Result "0-1"]
[Board "120"]
[TimeControl "180+1"]
[WhiteFideId "4157354"]
[BlackFideId "14101602"]
[WhiteElo "2416"]
[BlackElo "2539"]
[WhiteTeam "RUS"]
[BlackTeam "UKR"]
[WhiteClock "0:00:00"]
[BlackClock "0:00:04"]

1. e4 c5 2. Nf3 Nc6 3. Bb5 g6 4. O-O Bg7 5. Re1 e5 6. c3 Nge7 7. a3 a6 8. Bf1 O-O 9. b4 d6 10. Bb2 b5 11. d4 c4 12. h3 Bb7 13. a4 exd4 14. cxd4 Nxb4 15. Qd2 Nbc6 16. d5 Ne5 17. Nd4 Qd7 18. Na3 bxa4 19. Nxc4 Nxc4 20. Bxc4 Rfc8 21. Bd3 Rc5 22. Reb1 a5 23. Ne6 fxe6 24. Bxg7 Kxg7 25. Qb2+ e5 26. Qxb7 Ra7 27. Qxd7 Rxd7 28. Rxa4 Rdc7 29. Rb6 Nc8 30. Ra6 Ra7 31. Kf1 Rxa6 32. Bxa6 Nb6 33. Ra1 a4 34. g3 Ra5 35. Bd3 a3 36. Ke2 Nd7 37. Kd2 Nc5 38. Bc2 g5 39. Kc3 Ra7 40. Kb4 a2 41. Kc3 Kf6 42. Kb2 Rb7+ 43. Kxa2 Rb4 44. Re1 Rd4 45. Kb2 Rd2 46. Kc3 Rxf2 47. Re3 Rh2 48. g4 Rf2 49. Bb1 Rf4 50. Bc2 h6 51. Bb1 Kg7 52. Bc2 Kg6 53. Kd2 h5 54. gxh5+ Kxh5 55. Bd1+ Kh4 56. Bc2 Rf2+ 57. Kc3 Rh2 0-1

[Event "December 12 Early 2023"]
[Site "https://www.chess.com"]
[Date "2023.12.12"]
[Round "6"]
[White "Vakhidov, Shahzod"]
[Black "Ovezdurdyyeva, Jemal"]
[Result "0-1"]
[Board "121"]
[TimeControl "180+1"]
[WhiteFideId "14205270"]
[BlackFideId "14001888"]
[WhiteElo "2537"]
[BlackElo "2411"]
[WhiteTeam "UZB"]
[BlackTeam "TKM"]
[WhiteClock "0:00:00"]
[BlackClock "0:00:20"]

1. d4 Nf6 2. Nf3 g6 3. g3 Bg7 4. Bg2 O-O 5. c4 d5 6. cxd5 Nxd5 7. O-O b6 8. e4 Nf6 9. Nc3 Bb7 10. Qe2 e6 11. Rd1 Qe7 12. Bf4 Na6 13. Rac1 Rad8 14. h3 c5 15. e5 Nd5 16. Bg5 Nxc3 17. bxc3 Bxf3 18. Qxa6 Qxg5 19. Bxf3 Qf5 20. Bg4 Qe4 21. Qxa7 cxd4 22. cxd4 Rxd4 23. Qxb6 Bxe5 24. Rxd4 Bxd4 25. Qc6 Qe5 26. Kg2 Rb8 27. a4 Rb2 28. Rc2 Rb1 29. Re2 Qf6 30. a5 Kg7 31. a6 Ra1 32. Bf3 h5 33. h4 Qf5 34. Qb7 Qc5 35. Qc6 Qa3 36. Qd7 Bf6 37. Rxe6 Qc1 0-1

[Event "December 12 Early 2023"]
[Site "https://www.chess.com"]
[Date "2023.12.12"]
[Round "6"]
[White "Lima, Stefan Moisei VIeira"]
[Black "Karas, Marek"]
[Result "1-0"]
[Board "122"]
[TimeControl "180+1"]
[WhiteFideId "22782273"]
[BlackFideId "14928558"]
[WhiteElo "2411"]
[BlackElo "2535"]
[WhiteTeam "BRA"]
[BlackTeam "CZE"]
[WhiteClock "0:00:23"]
[BlackClock "0:00:02"]

1. e4 c5 2. Nf3 Nc6 3. Bb5 e6 4. Bxc6 bxc6 5. Qe2 f6 6. e5 fxe5 7. Nxe5 Nf6 8. O-O Be7 9. d3 O-O 10. c4 Qc7 11. Nc3 d6 12. Ng4 e5 13. Nxf6+ Bxf6 14. Ne4 Be7 15. f4 d5 16. Ng3 Bf6 17. Nh5 Bf5 18. Nxf6+ gxf6 19. Be3 d4 20. Bd2 Rae8 21. fxe5 fxe5 22. Bh6 Rf6 23. Bg5 Rf7 24. Rf2 Bg6 25. Rxf7 Qxf7 26. Rf1 Qd7 27. Bh6 e4 28. dxe4 d3 29. Qf2 Qe7 30. e5 Rd8 31. h4 d2 32. Bxd2 Rf8 33. Qg3 Rxf1+ 34. Kxf1 Qf7+ 35. Kg1 Kf8 36. Bh6+ Ke8 37. Qb3 Qd7 38. Qb8+ Ke7 39. Qf8+ Ke6 40. Qf6# 1-0

[Event "December 12 Early 2023"]
[Site "https://www.chess.com"]
[Date "2023.12.12"]
[Round "6"]
[White "Hirneise, Jens"]
[Black "Bach Ngoc Thuy Duong"]
[Result "1-0"]
[Board "123"]
[TimeControl "180+1"]
[WhiteFideId "24614734"]
[BlackFideId "12408956"]
[WhiteElo "2522"]
[BlackElo "2409"]
[WhiteTeam "GER"]
[BlackTeam "VIE"]
[WhiteClock "0:01:01"]
[BlackClock "0:00:00"]

1. Nf3 d5 2. g3 c6 3. Bg2 Nf6 4. c4 Bg4 5. O-O e6 6. cxd5 exd5 7. h3 Bxf3 8. exf3 Nbd7 9. d4 Be7 10. Nc3 O-O 11. f4 Nb6 12. b3 Re8 13. g4 Bb4 14. Ne2 Ne4 15. Qd3 Qe7 16. a3 Bd6 17. Ra2 c5 18. dxc5 Bxc5 19. Nd4 Qf6 20. Be3 Rac8 21. g5 Qd6 22. b4 Bxd4 23. Qxd4 Nc4 24. Bxe4 Rxe4 25. Qxa7 Qe6 26. Qxb7 Nxe3 27. fxe3 Qxh3 28. Qxd5 Qxe3+ 29. Kg2 Rce8 30. Rf3 Qe1 31. Rff2 Qe3 32. Rf3 Qe1 33. Raf2 h6 34. g6 Rf8 35. gxf7+ Rxf7 36. b5 1-0

[Event "December 12 Early 2023"]
[Site "https://www.chess.com"]
[Date "2023.12.12"]
[Round "6"]
[White "Onoprijchuk, Boris"]
[Black "Jimenez Almeida, Luis David"]
[Result "1-0"]
[Board "124"]
[TimeControl "180+1"]
[WhiteFideId "4171179"]
[BlackFideId "22242244"]
[WhiteElo "2407"]
[BlackElo "2522"]
[WhiteTeam "RUS"]
[BlackTeam "ESP"]
[WhiteClock "0:00:14"]
[BlackClock "0:00:29"]

1. e4 e5 2. Nf3 Nc6 3. Bb5 a6 4. Ba4 Nf6 5. O-O b5 6. Bb3 Be7 7. d3 O-O 8. Nc3 Na5 9. Nxe5 Nxb3 10. axb3 d5 11. exd5 Nxd5 12. Nxd5 Qxd5 13. Qf3 Qxe5 14. Qxa8 Bd6 15. g3 Bh3 16. Qe4 Qh5 17. Bf4 Bxf1 18. Rxf1 Bxf4 19. Qxf4 Qe2 20. Qxc7 h5 21. h4 Re8 22. Qc6 Re6 23. Qc8+ Kh7 24. b4 Qg4 25. Qc7 Rf6 26. Qe7 Qd4 27. Qe4+ Qxe4 28. dxe4 Rd6 29. f3 Kg6 30. Rf2 f5 31. exf5+ Kxf5 32. Re2 Rd4 33. c3 Rd1+ 34. Kf2 Rh1 35. Rd2 Ke5 36. Ke3 Re1+ 37. Re2 Rb1 38. Kd3+ Kd5 39. f4 Rg1 40. Re5+ Kd6 41. Rg5 Rg2 42. Rxg7 Rxb2 43. Rg6+ Kd5 44. Rxa6 Rg2 45. Rg6 Rf2 46. Rg5+ Kc6 47. Ke3 1-0

[Event "December 12 Early 2023"]
[Site "https://www.chess.com"]
[Date "2023.12.12"]
[Round "6"]
[White "Eilers, Stefan"]
[Black "Donskov, Anatoly"]
[Result "1-0"]
[Board "125"]
[TimeControl "180+1"]
[WhiteFideId "4609565"]
[BlackFideId "24143413"]
[WhiteElo "2519"]
[BlackElo "2405"]
[WhiteTeam "GER"]
[BlackTeam "RUS"]
[WhiteClock "0:00:17"]
[BlackClock "0:00:00"]

1. d4 d5 2. Nf3 Nf6 3. g3 Bf5 4. c4 e6 5. Qb3 Nc6 6. a3 a6 7. cxd5 exd5 8. Bf4 Na5 9. Qa4+ c6 10. Nc3 Nc4 11. Qb3 Na5 12. Qa2 Bd6 13. Bxd6 Qxd6 14. Bg2 O-O 15. O-O Nd7 16. Nd2 Rfe8 17. b4 Nc4 18. Nxc4 dxc4 19. Qxc4 Nf6 20. e3 Rad8 21. Rfe1 Ne4 22. Nxe4 Bxe4 23. Bxe4 Rxe4 24. a4 h5 25. b5 axb5 26. axb5 h4 27. bxc6 bxc6 28. Ra6 h3 29. Rxc6 Qxd4 30. Qxd4 Rdxd4 31. f3 Re8 32. Rc2 Rd3 33. Kf2 g5 34. g4 Kg7 35. Rce2 Kg6 36. Kg3 Rh8 37. e4 f6 38. Re3 Rd2 39. R3e2 Rd3 40. Kf2 Rb8 41. Re3 Rd2+ 42. R1e2 Rd1 43. Re1 Rd2+ 44. R3e2 Rd3 45. Kg3 Rbb3 46. Rf2 Rbc3 47. Ref1 Re3 48. Kxh3 Rxe4 49. Kg3 Rf4 50. h3 Ra3 51. Kg2 Rb3 52. Re2 Rd4 53. Rff2 Rdd3 54. Rb2 Rbc3 55. Rbd2 Re3 56. Rde2 Red3 57. Rb2 Ra3 58. Rb8 Rac3 59. Rg8+ Kf7 60. Rb8 Kg6 61. Rb7 Ra3 62. Rbb2 Rac3 63. Rbd2 Re3 64. Rde2 Red3 65. Re4 Ra3 66. h4 gxh4 67. Re8 Kg5 68. Rg8+ Kf4 69. Rf8 Kg5 70. Rh8 Rab3 71. Rh5+ Kf4 72. Rf5+ Ke3 73. Rxf6 h3+ 74. Kg3 Rd1 75. Rh2 1-0

[Event "December 12 Early 2023"]
[Site "https://www.chess.com"]
[Date "2023.12.12"]
[Round "6"]
[White "Sai Han Thiha"]
[Black "Balla, Tamas-Kristof"]
[Result "1-0"]
[Board "126"]
[TimeControl "180+1"]
[WhiteFideId "13012290"]
[BlackFideId "1208497"]
[WhiteElo "2515"]
[BlackElo "2397"]
[WhiteTeam "MYA"]
[BlackTeam "ROU"]
[WhiteClock "0:00:08"]
[BlackClock "0:00:20"]

1. Nf3 c5 2. g3 Nc6 3. Bg2 g6 4. O-O Bg7 5. c4 e6 6. Nc3 Nge7 7. d4 cxd4 8. Nb5 d5 9. cxd5 Nxd5 10. Nbxd4 Nxd4 11. Nxd4 O-O 12. Nb3 b6 13. e4 Ne7 14. Bg5 Qe8 15. Qd6 Nc6 16. e5 Bb7 17. f4 Rd8 18. Bxd8 Nxd8 19. Rfd1 Bxg2 20. Kxg2 Qa4 21. Qd4 Qc6+ 22. Kg1 Nb7 23. Rac1 Qf3 24. Nd2 Qh5 25. Ne4 Kh8 26. Rc7 Nc5 27. Nxc5 bxc5 28. Rxc5 f6 29. exf6 Bxf6 30. Qxf6+ Rxf6 31. Rxh5 gxh5 32. Rd8+ Kg7 33. Rd7+ Kg6 34. Rxa7 Rf5 35. Ra6 Kf6 36. Kg2 Rc5 37. b3 Rc2+ 38. Kh3 Kf5 39. Ra5+ Kg6 40. a4 h4 41. Rg5+ Kf6 42. a5 hxg3 43. hxg3 Rb2 44. Rb5 h5 45. a6 Ra2 46. Rb6 Kf5 47. b4 Ke4 48. b5 Kf3 49. Rb7 Ra1 50. Kh4 Rh1+ 51. Kg5 Kxg3 52. a7 Ra1 53. b6 h4 54. Rb8 h3 55. a8=Q Rg1 56. Rh8 h2 57. Rxh2 Kxh2+ 58. Kf6 Rf1 59. Qe4 e5 60. Kxe5 Kg1 61. b7 Kh2 62. Qe2+ Kg1 63. Qxf1+ Kxf1 64. b8=Q Kf2 65. Qb3 1-0

[Event "December 12 Early 2023"]
[Site "https://www.chess.com"]
[Date "2023.12.12"]
[Round "6"]
[White "Donchenko, Anatoly"]
[Black "Gavrilov, Maxim"]
[Result "1-0"]
[Board "127"]
[TimeControl "180+1"]
[WhiteFideId "4106091"]
[BlackFideId "24271454"]
[WhiteElo "2377"]
[BlackElo "2510"]
[WhiteTeam "GER"]
[BlackTeam "RUS"]
[WhiteClock "0:00:20"]
[BlackClock "0:00:00"]

1. Nf3 d5 2. d4 Nf6 3. c4 c6 4. Qc2 g6 5. cxd5 cxd5 6. Nc3 Bg7 7. Bf4 a6 8. e3 O-O 9. Be2 Nc6 10. O-O Bf5 11. Qb3 b5 12. a4 b4 13. Na2 a5 14. Nc1 Nh5 15. Bg5 h6 16. Bh4 g5 17. Bg3 Nxg3 18. hxg3 Rc8 19. Nd3 Qd6 20. Rac1 f6 21. Rc5 e6 22. Rfc1 Kh7 23. Qc2 Ne7 24. Qd1 Ra8 25. b3 e5 26. Nde1 e4 27. Nd2 Bd7 28. f4 f5 29. Nf1 Ng6 30. Bb5 Bxb5 31. axb5 Rfb8 32. Rc6 Qd8 33. Qc2 Rxb5 34. Qe2 Rb6 35. Qh5 Rxc6 36. Rxc6 Qe8 37. Rd6 Ne7 38. Qd1 g4 39. Nc2 Qb5 40. Re6 Nc8 41. Nd2 Nb6 42. Qf1 Qxf1+ 43. Kxf1 Nd7 44. Rd6 Ra7 45. Ke2 Rc7 46. Kd1 Bf8 47. Rxd5 Ra7 48. Rxf5 Nb6 49. Nxe4 a4 50. bxa4 Nxa4 51. Nxb4 1-0

[Event "December 12 Early 2023"]
[Site "https://www.chess.com"]
[Date "2023.12.12"]
[Round "6"]
[White "Krzywda, Andrzej"]
[Black "Topalov, Aleksandar"]
[Result "1-0"]
[Board "128"]
[TimeControl "180+1"]
[WhiteFideId "1114565"]
[BlackFideId "925659"]
[WhiteElo "2510"]
[BlackElo "2375"]
[WhiteTeam "POL"]
[BlackTeam "SRB"]
[WhiteClock "0:01:05"]
[BlackClock "0:01:48"]

1. e4 e6 2. d4 d5 3. Nc3 Bb4 4. e5 Qd7 5. a3 Bxc3+ 6. bxc3 b6 7. Qg4 f5 8. Qg3 Qf7 9. h4 Ba6 10. Bxa6 Nxa6 11. Nh3 h6 12. Nf4 Ne7 13. h5 Nb8 14. a4 Nbc6 15. Ba3 Rg8 16. a5 g5 17. hxg6 Nxg6 18. Nh5 Ngxe5 19. Nf6+ Qxf6 20. Qxg8+ Kd7 21. Qxa8 Nf7 22. axb6 axb6 23. Qf8 e5 24. O-O e4 25. f3 e3 26. f4 Qg6 27. Rae1 1-0

[Event "December 12 Early 2023"]
[Site "https://www.chess.com"]
[Date "2023.12.12"]
[Round "6"]
[White "Zaksaite, Salomeja"]
[Black "Valle Luis, Leo"]
[Result "0-1"]
[Board "129"]
[TimeControl "180+1"]
[WhiteFideId "12801496"]
[BlackFideId "54577187"]
[WhiteElo "2373"]
[BlackElo "2509"]
[WhiteTeam "LTU"]
[BlackTeam "ESP"]
[WhiteClock "0:00:00"]
[BlackClock "0:00:09"]

1. e4 c6 2. d4 d5 3. exd5 cxd5 4. Bd3 Nc6 5. c3 Nf6 6. Bf4 g6 7. Nf3 Bg7 8. O-O O-O 9. Re1 Bf5 10. Bf1 Rc8 11. Nbd2 h6 12. Qb3 Na5 13. Qa3 Re8 14. Ne5 a6 15. h3 Nc6 16. g4 Be6 17. Bg2 Nxe5 18. dxe5 Nd7 19. Bg3 Qb6 20. Nb3 Nc5 21. Nd4 Nd3 22. Re2 Rc4 23. Rd1 Nc5 24. b4 Nd7 25. Nxe6 fxe6 26. Rxd5 Qc7 27. Rd3 Rc8 28. Qb3 Nf8 29. Ree3 b5 30. f4 g5 31. f5 Qb6 32. fxe6 Ng6 33. Bd5 R4c7 34. Kg2 Rf8 35. Qd1 Nf4+ 36. Bxf4 gxf4 37. Re4 a5 38. Bb3 axb4 39. cxb4 Qc6 40. Kf3 Qa8 41. Rd8 Qxd8 42. Qxd8 Rxd8 43. Kxf4 Rc3 0-1

[Event "December 12 Early 2023"]
[Site "https://www.chess.com"]
[Date "2023.12.12"]
[Round "6"]
[White "Durucay, Uygar"]
[Black "Kolmagorov, Alexey"]
[Result "1-0"]
[Board "130"]
[TimeControl "180+1"]
[WhiteFideId "44591560"]
[BlackFideId "34129402"]
[WhiteElo "2508"]
[BlackElo "2371"]
[WhiteTeam "TUR"]
[BlackTeam "RUS"]
[WhiteClock "0:00:39"]
[BlackClock "0:00:01"]

1. d4 Nf6 2. Nf3 d5 3. c4 e6 4. cxd5 exd5 5. Qc2 c6 6. Nc3 a6 7. Bg5 Be6 8. e3 Bd6 9. Bd3 h6 10. Bh4 Nbd7 11. O-O Qc7 12. a3 Bg4 13. Bg3 Bxf3 14. gxf3 h5 15. e4 Bxg3 16. hxg3 h4 17. Kg2 hxg3 18. fxg3 O-O-O 19. e5 Nh5 20. Rac1 Nf8 21. b4 f6 22. f4 fxe5 23. fxe5 Ne6 24. Bf5 Qe7 25. b5 axb5 26. Ne2 Kb8 27. a4 b4 28. a5 Nc7 29. Qd2 Rdf8 30. Rb1 Nb5 31. a6 bxa6 32. Rbc1 Nc3 33. Nxc3 bxc3 34. Qxc3 Qg5 35. Rb1+ Kc7 36. Qa5# 1-0

[Event "December 12 Early 2023"]
[Site "https://www.chess.com"]
[Date "2023.12.12"]
[Round "6"]
[White "Devaev, Alexander"]
[Black "Gutkin, Ilya"]
[Result "1-0"]
[Board "131"]
[TimeControl "180+1"]
[WhiteFideId "4169395"]
[BlackFideId "16203470"]
[WhiteElo "2508"]
[BlackElo "2368"]
[WhiteTeam "RUS"]
[BlackTeam "GER"]
[WhiteClock "0:00:08"]
[BlackClock "0:00:02"]

1. d4 d5 2. c4 e6 3. Nc3 Nf6 4. Nf3 c6 5. e3 Be7 6. Qc2 O-O 7. b3 b6 8. Bb2 Ba6 9. Bd3 h6 10. O-O Nbd7 11. Rac1 Rc8 12. Rfd1 c5 13. cxd5 Bxd3 14. Qxd3 exd5 15. Qe2 c4 16. bxc4 Rxc4 17. Nxd5 Rxc1 18. Nxe7+ Qxe7 19. Rxc1 Qb4 20. Qd2 Qa4 21. a3 Re8 22. Qb4 Qa6 23. Qc4 Qa5 24. h3 Ne4 25. Qc6 Ndf6 26. a4 Nd2 27. Qb5 Nxf3+ 28. gxf3 Qd2 29. Kf1 Rd8 30. Qe2 Qb4 31. Qc2 Rd5 32. Bc3 Qc4+ 33. Qe2 Qxa4 34. e4 Rh5 35. Kg2 Qd7 36. Kf1 Rxh3 37. Ke1 Qa4 38. Kd2 Nh5 39. Qe3 Rh2 40. d5 Qa3 41. Qd4 Nf6 42. d6 Rg2 43. Ke3 Nd7 44. Ra1 Qc5 45. Qxc5 Nxc5 46. Rxa7 Rg6 47. e5 Re6 48. f4 f6 49. Kd4 fxe5+ 50. fxe5 Re8 51. Kd5 Ne6 52. Re7 Nf4+ 53. Kc6 Rxe7 54. dxe7 Kf7 55. Kd7 Nd5 56. e8=Q# 1-0

[Event "December 12 Early 2023"]
[Site "https://www.chess.com"]
[Date "2023.12.12"]
[Round "6"]
[White "Wanyama, Harold"]
[Black "Bregu, Riza"]
[Result "1-0"]
[Board "132"]
[TimeControl "180+1"]
[WhiteFideId "10000380"]
[BlackFideId "4701739"]
[WhiteElo "2508"]
[BlackElo "2366"]
[WhiteTeam "UGA"]
[BlackTeam "ALB"]
[WhiteClock "0:01:35"]
[BlackClock "0:00:35"]

1. d4 c5 2. d5 e6 3. c4 exd5 4. cxd5 d6 5. Nc3 Nf6 6. g3 g6 7. Bg2 Bg7 8. Nf3 O-O 9. O-O Re8 10. Nd2 a6 11. a4 Nbd7 12. a5 b5 13. axb6 Nxb6 14. h3 Bb7 15. e4 Nbd7 16. Nc4 Ne5 17. Na5 Bc8 18. f4 Ned7 19. Nc6 Qb6 20. Kh2 Bb7 21. Na5 Nh5 22. Qc2 Kh8 23. Bd2 Rf8 24. Na4 Qd8 25. Nxb7 Qb8 26. Na5 f5 27. Nc6 Qe8 28. exf5 gxf5 29. Bc3 Qg6 30. Bxg7+ Qxg7 31. Qc3 Ndf6 32. Nb6 Rae8 33. Rae1 Rxe1 34. Rxe1 Rg8 35. Re3 Nxf4 36. Re7 Qg5 37. Nd7 Nh5 38. Rf7 Rg6 39. Ne7 Nxg3 40. Nxg6+ Qxg6 41. Qxf6+ 1-0

[Event "December 12 Early 2023"]
[Site "https://www.chess.com"]
[Date "2023.12.12"]
[Round "6"]
[White "Rangel, Daniel"]
[Black "YurasovMat-2012"]
[Result "0-1"]
[Board "133"]
[TimeControl "180+1"]
[WhiteFideId "2124475"]
[WhiteElo "2507"]
[BlackElo "2452"]
[WhiteTeam "BRA"]
[WhiteClock "0:00:00"]
[BlackClock "0:00:22"]

1. c4 c5 2. g3 g6 3. Bg2 Bg7 4. Nc3 Nc6 5. e4 Nf6 6. Nge2 d6 7. O-O O-O 8. d3 a6 9. h3 Rb8 10. f4 e5 11. fxe5 Nxe5 12. Bg5 h6 13. Be3 Re8 14. Qd2 Kh7 15. Nf4 b5 16. b3 Bd7 17. Ncd5 Nxd5 18. Nxd5 f5 19. Rae1 fxe4 20. Bxe4 Bxh3 21. Rf2 bxc4 22. Rh2 Qc8 23. Rf1 cxd3 24. Rf4 Bg4 25. Rf6 h5 26. Bg5 c4 27. Qf4 c3 28. Ne3 c2 29. Bxg6+ Nxg6 30. Rxg6 Kxg6 31. Nxg4 Qxg4 0-1

[Event "December 12 Early 2023"]
[Site "https://www.chess.com"]
[Date "2023.12.12"]
[Round "6"]
[White "Munoz Sanchez, Miguel"]
[Black "Yashmetov, Mikhail"]
[Result "1-0"]
[Board "134"]
[TimeControl "180+1"]
[WhiteFideId "3600734"]
[BlackFideId "24198900"]
[WhiteElo "2330"]
[BlackElo "2505"]
[WhiteTeam "ECU"]
[BlackTeam "RUS"]
[WhiteClock "0:00:32"]
[BlackClock "0:00:03"]

1. Nf3 Nf6 2. g3 g6 3. Bg2 Bg7 4. O-O O-O 5. c4 c6 6. Nc3 d5 7. cxd5 Nxd5 8. d4 Nxc3 9. bxc3 Nd7 10. Bf4 Nb6 11. e4 Be6 12. Re1 Bc4 13. Nd2 Ba6 14. h4 Nd7 15. Nf3 Re8 16. Qb3 e5 17. Bg5 Qb6 18. Qc2 exd4 19. cxd4 c5 20. Rab1 Qd6 21. Bf4 Qe7 22. d5 Ne5 23. Nxe5 Bxe5 24. Bxe5 Qxe5 25. Qxc5 Rec8 26. Qe3 Rc3 27. Qg5 Qd4 28. e5 h6 29. Qf4 Qxf4 30. gxf4 Rc4 31. Re4 Rc2 32. d6 Rxa2 33. Rd4 Rc2 34. Bxb7 Rb8 35. d7 Bxb7 36. d8=Q+ Rxd8 37. Rxd8+ Kg7 38. Rxb7 Rc4 39. e6 Rxf4 40. e7 h5 41. e8=Q Rg4+ 42. Kf1 Kh6 43. Qh8# 1-0

[Event "December 12 Early 2023"]
[Site "https://www.chess.com"]
[Date "2023.12.12"]
[Round "6"]
[White "Shapiro, Daniel"]
[Black "Tay, Junior"]
[Result "0-1"]
[Board "135"]
[TimeControl "180+1"]
[WhiteFideId "2001780"]
[BlackFideId "5800439"]
[WhiteElo "2323"]
[BlackElo "2504"]
[WhiteTeam "USA"]
[BlackTeam "SGP"]
[WhiteClock "0:00:00"]
[BlackClock "0:01:48"]

1. d4 d5 2. c4 e6 3. Nf3 c5 4. cxd5 exd5 5. g3 Nc6 6. Bg2 Nf6 7. O-O cxd4 8. Nxd4 Bc5 9. Nb3 Bb6 10. Nc3 d4 11. Na4 O-O 12. Bg5 Re8 13. Bxf6 Qxf6 14. Nxb6 axb6 15. a3 Bg4 16. Bxc6 Bxe2 17. Qxd4 Qxc6 18. Rfc1 Qb5 19. Qb4 Qh5 20. Nd4 Bd3 21. Rc3 Be4 22. Re1 Re5 23. Rce3 Qxh2+ 24. Kf1 Bd3+ 0-1

[Event "December 12 Early 2023"]
[Site "https://www.chess.com"]
[Date "2023.12.12"]
[Round "6"]
[White "Herman, Matthew"]
[Black "Antonio, Jorge Carlos"]
[Result "1-0"]
[Board "136"]
[TimeControl "180+1"]
[WhiteFideId "2028964"]
[BlackFideId "113190"]
[WhiteElo "2501"]
[BlackElo "2313"]
[WhiteTeam "USA"]
[BlackTeam "ARG"]
[WhiteClock "0:00:04"]
[BlackClock "0:00:00"]

1. e4 c5 2. Nf3 e6 3. d4 cxd4 4. Nxd4 a6 5. Bd3 Nc6 6. Nxc6 bxc6 7. Nd2 d5 8. O-O Nf6 9. Qe2 Be7 10. b3 O-O 11. Bb2 a5 12. a4 Qb6 13. Rab1 Rd8 14. Kh1 Ba6 15. c4 Nd7 16. f4 d4 17. e5 c5 18. Rf3 Bb7 19. Rh3 g6 20. Rf1 Rf8 21. Ba3 Qc6 22. Ne4 Rae8 23. Kg1 f6 24. exf6 Nxf6 25. Ng5 Bd6 26. Nxh7 Nxh7 27. Rxh7 Qxg2+ 28. Qxg2 Bxg2 29. Bxg6 Bxf1 30. Kxf1 Rxf4+ 31. Ke2 e5 32. Bc1 Rg4 33. Bf5 Rg7 34. Rh5 e4 35. Bh6 Rg2+ 36. Kf1 Ra2 37. Rg5+ 1-0

[Event "December 12 Early 2023"]
[Site "https://www.chess.com"]
[Date "2023.12.12"]
[Round "6"]
[White "Dinu, Dumitru-Daniel"]
[Black "Fernandez Siles, Luis"]
[Result "1-0"]
[Board "137"]
[TimeControl "180+1"]
[WhiteFideId "1208403"]
[BlackFideId "2209420"]
[WhiteElo "2501"]
[BlackElo "2311"]
[WhiteTeam "ROU"]
[BlackTeam "ESP"]
[WhiteClock "0:01:09"]
[BlackClock "0:00:45"]

1. e4 c5 2. Nf3 Nc6 3. d4 cxd4 4. Nxd4 Nf6 5. Nc3 e5 6. Ndb5 d6 7. Bg5 a6 8. Na3 b5 9. Bxf6 gxf6 10. Nd5 f5 11. c3 Bg7 12. Nc2 fxe4 13. Qe2 f5 14. Qh5+ Kf8 15. Nce3 Be6 16. Rd1 f4 17. Nf5 Ra7 18. Nxg7 Kxg7 19. Be2 Qe8 20. Qh4 Qg6 21. Bh5 Qxg2 22. Kd2 e3+ 23. Kc1 exf2 24. Qf6+ Kg8 25. Qxe6+ Kg7 26. Qf6+ Kg8 27. Qxd6 f3 28. Qxc6 Qg5+ 29. Kb1 Qxh5 30. Nf6+ 1-0

[Event "December 12 Early 2023"]
[Site "https://www.chess.com"]
[Date "2023.12.12"]
[Round "6"]
[White "Skibbe, Willi"]
[Black "Parfenov, Viktor N."]
[Result "0-1"]
[Board "138"]
[TimeControl "180+1"]
[WhiteFideId "4682190"]
[BlackFideId "4165969"]
[WhiteElo "2294"]
[BlackElo "2499"]
[WhiteTeam "GER"]
[BlackTeam "RUS"]
[WhiteClock "0:00:04"]
[BlackClock "0:00:12"]

1. e4 e6 2. d4 d5 3. exd5 exd5 4. Nf3 Nf6 5. Bd3 c5 6. dxc5 Bxc5 7. O-O O-O 8. h3 Nc6 9. Nc3 h6 10. Bf4 a6 11. a3 Re8 12. Qd2 Bf8 13. Rfe1 Be6 14. Rad1 Qa5 15. Ne5 Qb6 16. Na4 Qa7 17. Be3 Qb8 18. Nf3 Qc7 19. Bf4 Qd8 20. Be3 Rc8 21. Nb6 Rc7 22. Bf4 Rce7 23. Na4 Bc8 24. Rxe7 Bxe7 25. Ne5 Bd6 26. Nf3 Bf8 27. Nc3 Qb6 28. b4 Be6 29. Ne2 Ne4 30. Qe3 Qxe3 31. Bxe3 f5 32. Nfd4 Bd7 33. f3 Nf6 34. Kf2 g6 35. Nf4 Kg7 36. Nxc6 Bxc6 37. Bd4 Kf7 38. Re1 Rxe1 39. Kxe1 Bd6 40. Ne2 Nd7 41. Kd2 Ne5 42. f4 Nc4+ 43. Kc3 Nxa3 44. Be5 Ke6 45. Bxd6 Kxd6 46. Kd4 Bb5 47. Nc3 Bxd3 48. cxd3 Nc2# 0-1